Map: Hard Lead LE

Players

Azlan - Winner!

  • Race: Terran Terran
  • League: Platinum
  • Spawn Location: 11:00

Subwayeatn

  • Race: Terran Terran
  • League: Platinum
  • Spawn Location: 5:00

VOD

Have the link to the VOD?

Description

Time

  • Played on: Oct. 21, 2023, 3:06 p.m.
  • Length: 4:19
Show
View Real Time Build Order
Export as new Build Order

Azlan Terran - Winner!

Build Orders: 1/1/1, Liberator Opening 

Get SALT Encoding   

  12  0:00  SCV  
  13  0:12  SCV  
  14  0:17  Supply Depot  
  14  0:24  SCV  
  15  0:29  Refinery  
  15  0:41  Barracks  
  15  0:45  SCV  
  16  0:53  Refinery  
  16  0:57  SCV  
  17  1:09  SCV  
  18  1:21  SCV  
  19  1:31  Factory  
  19  1:33  SCV  
  20  1:41  Barracks Tech Lab  
  20  1:45  SCV, Supply Depot  
  21  1:58  SCV  
  22  2:10  SCV  
  22  2:14  Barracks Reactor  
  23  2:15  Starport  
  23  2:24  Siege Tank  
  23  2:27  SCV  
  27  2:36  Supply Depot  
  27  2:39  SCV  
  28  2:56  Siege Tank  
  31  3:01  Viking  
  33  3:11  Orbital Command  
  33  3:14  Viking  
  35  3:25  Supply Depot  
  35  3:35  Liberator  
  38  3:48  Engineering Bay  
  40  4:00  SCV  
  41  4:05  Supply Depot  
Show
View Real Time Build Order
Export as new Build Order

Subwayeatn Terran 

Build Orders:  

Get SALT Encoding   

  12  0:00  SCV  
  13  0:12  SCV  
  14  0:19  Supply Depot  
  14  0:24  SCV  
  15  0:40  SCV  
  15  0:41  Barracks  
  16  0:45  Refinery  
  16  0:52  SCV  
  17  1:04  SCV  
  18  1:16  SCV  
  19  1:25  Supply Depot  
  19  1:29  SCV  
  20  1:34  Barracks Reactor  
  20  1:41  SCV  
  21  1:48  Command Center  
  21  1:58  Orbital Command  
  21  2:05  Refinery  
  21  2:12  Marine  
  21  2:13  Marine  
  23  2:21  Barracks  
  23  2:26  SCV  
  24  2:38  SCV  
  24  2:40  Marine  
  24  2:42  Marine  
  24  2:43  Bunker  
  27  2:50  SCV  
  28  2:52  Supply Depot  
  28  3:02  Marine x2, SCV  
  32  3:13  Orbital Command  
  31  3:25  Barracks Tech Lab  
  31  3:32  SCV  
  32  3:35  Marine x2  
  32  3:38  Engineering Bay  
  34  3:45  SCV  
  35  3:51  Barracks, SCV  
  35  3:53  Marine x2  
  38  4:03  SCV  
  38  4:07  Supply Depot  
Tags
 
Add a new tag
Caveats
  • Supply blocks, unpowered buildings, or Contaminate may cause inaccurate times.
  • Supply counts are checked every 10 seconds.